 Dungeon Crawl Stone Soup version 0.24.0-13-gcf9b319 (webtiles) character file.

Game seed: 6525607148343106152, levelgen mode: deterministic

8964 Calico the Grappler (level 11, -5/105 HPs)
             Began as a Troll Berserker on Feb 3, 2020.
             Was an Elder of Trog.
             Slain by a blink frog (7 damage)
             ... on level 1 of the Lair of Beasts on Feb 4, 2020.
             The game lasted 01:45:38 (6034 turns).

Calico the Grappler (Troll Berserker)               Turns: 6034, Time: 01:45:38

Health: -5/105     AC:  8    Str: 33    XL:     11   Next: 16%
Magic:  10/10      EV: 13    Int:  3    God:    Trog [****..]
Gold:   966        SH:  0    Dex:  9    Spells: 10/10 levels left

rFire    . . .     SeeInvis .     - Unarmed
rCold    . . .     Gourm    +   (no shield)
rNeg     . . .     Faith    .   a - +0 animal skin
rPois    .         Spirit   .   (helmet restricted)
rElec    .         Reflect  .   I - +1 cloak
rCorr    .         Harm     .   (gloves unavailable)
MR       ++...                  (boots unavailable)
Stlth    +.........             e - amulet of magic regeneration
HPRegen  1.67/turn              g - +3 ring of strength
MPRegen  0.37/turn              w - +6 ring of slaying

@: berserk cooldown, regenerating, slowed, very slow
A: large, unfitting armour, claws 3, fast metabolism 3, gourmand, regeneration
1, shaggy fur 1, tough skin 3
a: Berserk, Trog's Hand, Brothers in Arms, Renounce Religion


You were on level 1 of the Lair of Beasts.
You worshipped Trog.
Trog was greatly pleased with you.
You were very full.

You visited 2 branches of the dungeon, and saw 11 of its levels.

You collected 966 gold pieces.

Inventory:

Missiles
 y - 7 silver boomerangs (quivered)
Armour
 a - a +0 animal skin (worn)
 I - a +1 cloak (worn)
Jewellery
 e - an amulet of magic regeneration (around neck)
 g - a +3 ring of strength (left claw)
 l - an uncursed ring of poison resistance
 w - a +6 ring of slaying (right claw)
 D - an uncursed ring of stealth
 F - an uncursed ring of flight
Wands
 r - a wand of disintegration (4)
 E - a wand of polymorph (14)
 H - a wand of iceblast (11)
Scrolls
 c - 3 scrolls of fear
 f - 3 scrolls of remove curse
 j - 3 scrolls of enchant armour
 m - 3 scrolls of enchant weapon
 o - a scroll of magic mapping {unknown}
 p - 3 scrolls of fog
 q - 2 scrolls of immolation
 s - 4 scrolls of teleportation
 v - a scroll of acquirement {unknown}
 z - 2 scrolls of blinking
 J - a scroll of brand weapon {unknown}
Potions
 d - a potion of lignification {unknown}
 h - a potion of brilliance {unknown}
 i - 2 potions of haste {unknown}
 k - 4 potions of curing {unknown}
 n - 4 potions of heal wounds {unknown}
 t - a potion of invisibility {unknown}
 u - 2 potions of flight {unknown}
 x - 2 potions of cancellation {unknown}
 A - a potion of magic {unknown}
 B - a potion of ambrosia {unknown}
 C - a potion of might {unknown}
 G - a potion of mutation {unknown}
Comestibles
 b - 25 rations
 K - 6 chunks of flesh


   Skills:
 + Level 5.6 Fighting
 + Level 7.5 Dodging
 + Level 13.8 Unarmed Combat


You had 10 spell levels left.
You didn't know any spells.
Your spell library was empty.

Dungeon Overview and Level Annotations

Branches:
Dungeon (10/15)            Temple (0/1) D:5            Lair (1/6) D:10
    Orc (0/2) D:10

Altars:
Cheibriados
Kikubaaqudgha
Nemelex Xobeh
Okawaru
Uskayaw
Zin

Shops:
D:6 (


Innate Abilities, Weirdness & Mutations

You are too large for most types of armour.
You have claws for hands.
Your metabolism is lightning-fast.
You like to eat raw meat.
Your natural rate of healing is unusually fast.
You are covered in fur. (AC +1)
You have extremely tough skin. (AC +3)


Message History

Things that are here:
a wolf corpse; a water moccasin corpse; a wolf corpse The yak moves out of view.
You see here a crocodile corpse.
The blink frog blinks!
The yak closely misses you.
The blink frog blinks!
The blink frog hits you!
The blink frog blinks!
The blink frog hits you.
The blink frog blinks!
The blink frog hits you!
* * * LOW HITPOINT WARNING * * *
The blink frog blinks!
The yak gores you but does no damage.
Found a flail and 14 poisoned darts.
The blink frog blinks!
The blink frog hits you!
* * * LOW HITPOINT WARNING * * *
The blink frog misses you. The blink frog hits you.
* * * LOW HITPOINT WARNING * * *
The blink frog hits you!
* * * LOW HITPOINT WARNING * * *
The blink frog blinks!
The yak closely misses you. The blink frog hits you!
You die...

## # ##### ######.##
#.#####.#.## #........
...........# #........
........§..## #...F....
.......@YY..####.§......
........F...Y#.#........
..)..F.....#.Y†........#
...........####..<.....#
..(.......§.# ##.......#
.##.###.##### #.........
... ### ##.......# .#
##...#.## .....##


You could see 4 yaks and 2 blink frogs.

Vanquished Creatures
  A two-headed ogre (D:8)
  A wizard (D:9)
  An efreet (D:8)
  2 komodo dragons
  A hornet (D:8)
  A blink frog (Lair:1)
  A hippogriff (D:6)
  3 yaks (D:9)
  A human (D:7)
  4 hogs (D:7)
  4 hungry ghosts
  2 water moccasins
  2 orc warriors
  2 black bears
  A hornet zombie (D:8)
  2 ice beasts
  4 sky beasts
  3 ogres
  2 phantoms
  4 wolves (Lair:1)
  3 centaurs
  3 crocodiles
  5 bullfrogs
  A water moccasin skeleton (D:4)
  3 killer bees (D:8)
  A scorpion (D:6)
  3 howler monkeys
  13 wights
  3 centaur zombies
  4 crimson imps
  2 bullfrog zombies (D:8)
  3 hounds
  2 jellies (D:7)
  3 orc priests
  2 bullfrog skeletons (D:4)
  3 iguanas
  7 orc wizards
  4 worker ants
  A hound zombie (D:8)
  A howler monkey skeleton (D:8)
  6 adders
  14 gnolls
  2 shadow imps
  An ooze (D:1)
  2 worms
  A dart slug (D:3)
  3 leopard geckos
  21 orcs
  A ball python (D:1)
  4 giant cockroaches
  10 goblins
  7 hobgoblins
  15 jackals
  8 kobolds
  3 quokkas (D:4)
  7 bats
  4 frilled lizards
  2 quokka zombies (D:7)
  6 rats
  A plant (D:10)
227 creatures vanquished.

Vanquished Creatures (others)
  2 plants
2 creatures vanquished.

Grand Total: 229 creatures vanquished

Notes
Turn   | Place    | Note
-------+----------+-------------------------------------------
     0 | D:1      | Calico the Troll Berserker began the quest for the Orb.
     0 | D:1      | Reached XP level 1. HP: 22/22 MP: 0/0
    24 | D:1      | Reached XP level 2. HP: 29/29 MP: 1/1
   387 | D:1      | Reached XP level 3. HP: 36/36 MP: 2/2
   495 | D:1      | Reached ** piety under Trog
   722 | D:2      | Reached skill level 4 in Unarmed Combat
   722 | D:2      | Reached XP level 4. HP: 35/45 MP: 3/3
  1408 | D:3      | Reached XP level 5. HP: 53/53 MP: 4/4
  1507 | D:3      | Found a faded altar of an unknown god.
  1578 | D:3      | Reached skill level 5 in Unarmed Combat
  1675 | D:3      | Reached *** piety under Trog
  2040 | D:4      | Reached XP level 6. HP: 57/61 MP: 5/5
  2131 | D:4      | Reached skill level 6 in Unarmed Combat
  2316 | D:4      | Found a sparkling altar of Nemelex Xobeh.
  2481 | D:5      | Entered Level 5 of the Dungeon
  2482 | D:5      | Found a staircase to the Ecumenical Temple.
  2728 | D:5      | Reached XP level 7. HP: 63/67 MP: 6/6
  2977 | D:6      | Reached skill level 7 in Unarmed Combat
  3054 | D:6      | Received a gift from Trog
  3274 | D:6      | Reached skill level 8 in Unarmed Combat
  3281 | D:6      | Reached XP level 8. HP: 76/76 MP: 7/7
  3383 | D:6      | Found Amuop's Weapon Boutique.
  3506 | D:6      | Reached **** piety under Trog
  3558 | D:6      | Found a hide-covered altar of Uskayaw.
  3590 | D:6      | Found an ancient bone altar of Kikubaaqudgha.
  3652 | D:6      | Reached skill level 9 in Unarmed Combat
  3797 | D:7      | Noticed a hippogriff
  3818 | D:6      | Killed a hippogriff
  3823 | D:6      | Reached skill level 5 in Dodging
  3912 | D:7      | Reached skill level 10 in Unarmed Combat
  4006 | D:7      | Reached XP level 9. HP: 83/84 MP: 8/8
  4036 | D:7      | Found a snail-covered altar of Cheibriados.
  4067 | D:7      | Received a gift from Trog
  4179 | D:7      | Reached skill level 11 in Unarmed Combat
  4345 | D:8      | Found a glowing silver altar of Zin.
  4377 | D:8      | Found an iron altar of Okawaru.
  4412 | D:8      | Found an iron altar of Okawaru.
  4732 | D:8      | Reached XP level 10. HP: 73/94 MP: 9/9
  4849 | D:8      | Reached skill level 12 in Unarmed Combat
  4904 | D:8      | Reached skill level 5 in Fighting
  5046 | D:8      | Noticed a two-headed ogre
  5053 | D:8      | Killed a two-headed ogre
  5321 | D:9      | Noticed a wizard
  5340 | D:9      | Killed a wizard
  5340 | D:9      | Reached skill level 13 in Unarmed Combat
  5476 | D:9      | Reached ***** piety under Trog
  5851 | D:10     | Entered Level 10 of the Dungeon
  5865 | D:10     | Reached XP level 11. HP: 102/104 MP: 10/10
  5915 | D:10     | Found a staircase to the Orcish Mines.
  5968 | D:10     | Found a staircase to the Lair.
  5988 | Lair:1   | Entered Level 1 of the Lair of Beasts
  6034 | Lair:1   | HP: 2/105 [blink frog (7)]
  6034 | Lair:1   | Slain by a blink frog

Levels and vault maps discovered:
D:1:      lightli_arrival_maybe_door_vault, layout_basic, minmay_vboxes
D:2:      layout_basic, kennysheep_generic_room_13
D:3:      layout_loops_cross, chequers_ecumenical_altar_simple_redux,
          first_ration
D:4:      layout_gridville, overflow_temple_1_default, bh_walls_and_bars
D:5:      layout_basic
D:6:      layout_loops_corners, chequers_temple_overflow_statue_of_worship,
          serial_shops, shop, kennysheep_generic_room_11
D:7:      layout_rooms, kennysheep_little_box, grunt_livestock
D:8:      minmay_polygon_palace, layout_basic, lemuel_crystal_altar,
          zin_treasury, okawaru_trees_2
D:9:      layout_irregular_city, lightli_wizard_tower
D:10:     layout_gridville, david_lair_shrubbed, orc_david_3
Lair:1:   layout_roguey, lemuel_fruit_fields, infiniplex_staircase_pool_2,
          serial_bayou_shore_b, grunt_megastairs_1

Skill      XL: |  1  2  3  4  5  6  7  8  9 10 |
---------------+-------------------------------+-----
Fighting       | 3 4 5 |  5.6
Dodging        | 3 4 5 6 7 |  7.5
Unarmed Combat | 4 5 6 8 10 11 13 | 13.8

Action                   |  1- 3 |  4- 6 |  7- 9 | 10-12 || total
-------------------------+-------+-------+-------+-------++-------
Melee: Unarmed           |    80 |   162 |   207 |   148 ||   597
       Punch             |     1 |     4 |     6 |    12 ||    23
Throw: Boomerang         |       |       |     8 |       ||     8
Invok: Berserk           |       |     2 |     6 |     2 ||    10
       Trog's Hand       |       |       |     1 |     2 ||     3
Evoke: Wand              |       |       |     2 |     7 ||     9
  Use: Scroll            |       |     9 |     2 |     1 ||    12
  Eat: Chunk             |    12 |    18 |    40 |    20 ||    90
Armor: Animal skin       |    24 |    50 |    57 |    32 ||   163
Dodge: Dodged            |    32 |    79 |    95 |    62 ||   268
